 Dungeon Crawl Stone Soup version 0.20.1-1-g8b1a95d (webtiles) character file.

4224 Schiappus the Cleaver (level 10, -1/77 HPs)
             Began as a Demonspawn Berserker on Sept 18, 2017.
             Was an Elder of Trog.
             Slain by a spiny frog (14 damage)
             ... on level 2 of the Lair of Beasts.
             The game lasted 00:39:03 (9909 turns).

Schiappus the Cleaver (Demonspawn Berserker)        Turns: 9909, Time: 00:39:03

Health: -1/77      AC: 17    Str: 20    XL:     10   Next: 9%
Magic:  0/10       EV: 19    Int:  8    God:    Trog [****..]
Gold:   254        SH:  4    Dex: 19    Spells: 9/9 levels left

rFire    . . .     SeeInvis .   e - +3 battleaxe (venom)
rCold    . . .     Gourm    .   (shield currently unavailable)
rNeg     . . .     Faith    .   g - +0 chain mail
rPois    .         Spirit   +   j - +0 helmet
rElec    .         Reflect  .   n - +0 cloak
rCorr    .         Harm     .   b - +0 pair of gloves
MR       +....                  E - +2 pair of boots
Stlth    ..........             (no amulet)
Regen    0.3/turn               h - ring of protection from magic
MPRegen  0.3/turn               a - +5 ring of evasion

@: agile, lethally poisoned (-1 -> -12)
A: large bone plates 1, demonic guardian 1, magic shield, magic regeneration
a: Berserk, Trog's Hand, Brothers in Arms, Burn Spellbooks, Renounce Religion


You were on level 2 of the Lair of Beasts.
You worshipped Trog.
Trog was greatly pleased with you.
You were not hungry.

You visited 3 branches of the dungeon, and saw 11 of its levels.

You collected 671 gold pieces.
You spent 417 gold pieces at shops.

Inventory:

Hand Weapons
 e - a +3 battleaxe of venom (weapon)
Armour
 b - a +0 pair of gloves (worn)
 g - a +0 chain mail (worn)
 j - a +0 helmet (worn)
 n - a +0 cloak (worn)
 E - a +2 pair of boots (worn)
Jewellery
 a - a +5 ring of evasion (right hand)
 h - a ring of protection from magic (left hand)
 F - an uncursed ring of see invisible {unknown}
Wands
 q - a wand of scattershot (1/9)
 r - a wand of acid (7/15)
 u - a wand of iceblast (11/15)
 z - a wand of paralysis (11/24)
Scrolls
 d - 5 scrolls of remove curse
 i - a scroll of noise
 o - 2 scrolls of magic mapping
 s - 3 scrolls of teleportation
 t - 2 scrolls of fear
 x - 2 scrolls of silence
 y - 3 scrolls of fog
 B - 2 scrolls of enchant weapon
 C - a scroll of enchant armour {unknown}
Potions
 c - a potion of agility
 f - a potion of cancellation {unknown}
 k - 7 potions of haste
 l - a potion of mutation
 m - 5 potions of brilliance
 p - a potion of flight
 v - 2 potions of curing
Books
 G - a book of Frost

   Spells                             Type                      Level
   a - Freeze                         Ice                          1
   b - Throw Frost                    Conjuration/Ice              2
   c - Ozocubu's Armour               Charms/Ice                   3
   d - Throw Icicle                   Conjuration/Ice              4
   e - Summon Ice Beast               Ice/Summoning                4
   Trog disapproves of the use of such an item.
Miscellaneous
 H - a lightning rod (4/4)
Comestibles
 w - a meat ration
 D - 4 bread rations


   Skills:
 + Level 6.5 Fighting
   Level 0.3 Short Blades
 + Level 9.1(9.7) Axes
   Level 5.5(8.0) Polearms
 + Level 6.0 Armour
 + Level 3.2 Dodging
 + Level 1.7 Stealth


You had 9 spell levels left.
You didn't know any spells.

Dungeon Overview and Level Annotations

Branches:
Dungeon (8/15)             Temple (1/1) D:5            Lair (2/6) D:8
  Swamp: Lair:2-4    Shoals: Lair:2-4     Snake: Lair:2-4    Spider: Lair:2-4

Altars:
Ashenzari
Cheibriados
Dithmenos
Elyvilon
Fedhas
Gozag
Hepliaklqana
Kikubaaqudgha
Makhleb
Nemelex Xobeh
Okawaru
Qazlal
Ru
Sif Muna
Uskayaw
Vehumet
Xom
Yredelemnul
Zin
The Shining One

Shops:
D:4 (   D:5 (   D:6 ?


Innate Abilities, Weirdness & Mutations

You are partially covered in large bone plates. (SH +4)
A weak demonic guardian rushes to your aid.
When hurt, damage is shared between your health and your magic reserves.
You regenerate magic rapidly.


Message History

You hit the spiny frog.
The spiny frog is almost dead.
You feel very sick. The spiny frog stings you!
* * * LOW HITPOINT WARNING * * *
Your iron imp barely misses the spiny frog.
You feel better. You block the spiny frog's attack.
Your iron imp hits the spiny frog.
You closely miss the spiny frog.
The spiny frog is almost dead.
The spiny frog stings you.
You are poisoned.
The spiny frog poisons you! The spiny frog stings you!
* * * LOW HITPOINT WARNING * * *
Your iron imp hits the spiny frog but does no damage.
You feel agile all of a sudden.
You feel sick.
Your iron imp disappears in a puff of smoke!
The spiny frog stings you!
You die...

♣#...........
y...........
♣...........
♣.................
♣.................
♣.................
♣♣♣♣...F......(......
♣.....§@.............
......$..............
.....................
.##........$)........
##....†....<.......
#.................
#.................
#.................
#.................


You could see a spiny frog and a vampire mosquito (wandering).

Vanquished Creatures
  A spiny frog (Lair:1)
  A komodo dragon (Lair:2)
  2 hornets
  A hippogriff (Lair:1)
  Sigmund (D:3)
  Eustachio (D:6)
  A hungry ghost (D:8)
  A water moccasin (Lair:1)
  5 porcupines (Lair:1)
  2 necrophages
  2 ogres
  2 centaurs
  7 bullfrogs
  A big kobold (D:5)
  A wyvern skeleton (D:6)
  3 scorpions
  4 wights (D:8)
  A howler monkey (D:6)
  A centaur zombie (D:8)
  A jelly (D:8)
  Crazy Yiuf (D:3)
  A bullfrog skeleton (D:8)
  2 hounds
  2 iguanas
  6 worker ants
  A hound skeleton (D:7)
  6 gnolls
  A howler monkey skeleton (D:4)
  3 adders
  A shadow imp (D:5)
  3 oozes
  An adder zombie (D:6)
  An adder skeleton (D:7)
  3 worms
  5 leopard geckos
  13 orcs
  7 bats
  4 giant cockroaches
  5 goblins
  7 hobgoblins
  18 jackals
  2 quokkas
  2 ball pythons
  A ball python zombie (D:5)
  8 frilled lizards
  A giant cockroach zombie (D:5)
  9 kobolds
  A leopard gecko skeleton (D:4)
  3 quokka skeletons
  4 rats
  2 bushes (D:5)
  A fungus (D:3)
  5 plants
169 creatures vanquished.

Vanquished Creatures (collateral kills)
  A spriggan (D:7)
  A water moccasin (D:8)
  An ogre (D:6)
  A wight (D:8)
  A jelly (D:6)
5 creatures vanquished.

Vanquished Creatures (others)
  A plant (D:5)
1 creature vanquished.

Grand Total: 175 creatures vanquished

Notes
Turn   | Place    | Note
-------+----------+-------------------------------------------
     0 | D:1      | Schiappus the Demonspawn Berserker began the quest for the Orb.
     0 | D:1      | Reached XP level 1. HP: 18/18 MP: 1/1
   308 | D:1      | Gained mutation: You are partially covered in large bone plates. (SH +4) [demonic ancestry]
   308 | D:1      | Reached XP level 2. HP: 22/24 MP: 2/2
   314 | D:1      | Reached skill level 3 in Axes
  1178 | D:2      | Reached XP level 3. HP: 28/29 MP: 3/3
  1296 | D:2      | Found a white marble altar of Elyvilon.
  1865 | D:2      | Reached ** piety under Trog
  1881 | D:2      | Reached XP level 4. HP: 33/35 MP: 4/4
  1933 | D:2      | Found an opulent altar of Gozag.
  1933 | D:2      | Found a deep blue altar of Sif Muna.
  2477 | D:3      | Noticed Sigmund
  2494 | D:3      | Killed Sigmund
  2494 | D:3      | Reached XP level 5. HP: 11/42 MP: 5/5
  2602 | D:3      | Reached XP level 6. HP: 16/48 MP: 6/6
  2954 | D:3      | Found a runed door.
  3346 | D:3      | Noticed Crazy Yiuf
  3354 | D:3      | Killed Crazy Yiuf
  3731 | D:4      | Found Kasirphi's Antique Weapon Shop.
  3866 | D:4      | Bought a runed battleaxe for 247 gold pieces
  3992 | D:5      | Entered Level 5 of the Dungeon
  4121 | D:5      | Found a staircase to the Ecumenical Temple.
  4152 | Temple   | Entered the Ecumenical Temple
  4445 | D:5      | Reached XP level 7. HP: 42/54 MP: 7/7
  4557 | D:5      | Reached *** piety under Trog
  4733 | D:5      | Found a sacrificial altar of Ru.
  4866 | D:5      | Found Ticouxto's Weapon Boutique.
  4921 | D:5      | Reached skill level 5 in Polearms
  5697 | D:6      | Found a glowing golden altar of the Shining One.
  5794 | D:6      | Noticed Eustachio
  5842 | D:6      | Killed Eustachio
  5842 | D:6      | Reached skill level 4 in Axes
  5842 | D:6      | Gained mutation: A weak demonic guardian rushes to your aid. [demonic ancestry]
  5842 | D:6      | Reached XP level 8. HP: 51/61 MP: 8/8
  6009 | D:6      | Found a glowing silver altar of Zin.
  6050 | D:6      | Reached skill level 5 in Fighting
  6288 | D:6      | Found Otuephus's Magic Scroll Shoppe.
  6293 | D:6      | Bought a scroll of remove curse for 33 gold pieces
  6293 | D:6      | Bought a scroll of enchant weapon for 82 gold pieces
  6293 | D:6      | Bought a scroll of remove curse for 33 gold pieces
  6449 | D:6      | Bought a scroll of identify for 22 gold pieces
  6559 | D:7      | Noticed a hornet
  6560 | D:7      | Paralysed by a hornet for 3 turns
  6563 | D:7      | Killed a hornet
  6563 | D:7      | Reached skill level 5 in Axes
  7280 | D:7      | Reached skill level 6 in Axes
  7414 | D:8      | Found a staircase to the Lair.
  7460 | D:8      | Reached skill level 5 in Armour
  7460 | D:8      | Gained mutation: When hurt, damage is shared between your health and your magic reserves. [demonic ancestry]
  7460 | D:8      | Reached XP level 9. HP: 68/68 MP: 9/9
  8083 | D:8      | Reached skill level 7 in Axes
  8118 | D:8      | Reached **** piety under Trog
  8440 | Lair:1   | Entered Level 1 of the Lair of Beasts
  8472 | Lair:1   | Reached skill level 8 in Axes
  8472 | Lair:1   | Reached skill level 1 in Stealth
  8677 | Lair:1   | Noticed a spiny frog
  8686 | Lair:1   | Killed a spiny frog
  9187 | Lair:1   | Gained mutation: You regenerate magic rapidly. [demonic ancestry]
  9187 | Lair:1   | Reached XP level 10. HP: 46/77 MP: 6/10
  9894 | Lair:2   | Reached skill level 9 in Axes
  9898 | Lair:2   | Noticed a spiny frog
  9909 | Lair:2   | Slain by a spiny frog

Skill      XL: |  1  2  3  4  5  6  7  8  9 10 |
---------------+-------------------------------+-----
Axes           | 3 4 6 8 9 |  9.1
Armour         | 2 3 4 5 6 |  6.0
Dodging        | 2 3 |  3.2
Polearms       | 2 4 5 |  5.5
Fighting       | 4 5 6 |  6.5
Stealth        | 1 |  1.7
Short Blades   | |  0.3

Action                   |  1- 3 |  4- 6 |  7- 9 | 10-12 || total
-------------------------+-------+-------+-------+-------++-------
Melee: Hand axe          |    86 |       |       |       ||    86
       Short sword       |    30 |       |       |       ||    30
       Halberd           |    11 |   276 |   223 |       ||   510
       Battleaxe         |       |       |   207 |    15 ||   222
  Use: Scroll            |     2 |     8 |     8 |       ||    18
       Potion            |     2 |     4 |     2 |     2 ||    10
 Stab: Distracted        |       |       |     1 |       ||     1
  Eat: Royal jelly       |     1 |       |     1 |     1 ||     3
       Bread ration      |     1 |     1 |     2 |       ||     4
       Chunk             |       |     3 |       |       ||     3
       Fruit             |       |       |     1 |       ||     1
       Meat ration       |       |       |     1 |       ||     1
Armor: Chain mail        |    81 |   126 |   147 |     4 ||   358
       Animal skin       |     2 |       |       |       ||     2
Dodge: Dodged            |    67 |   218 |   284 |     8 ||   577
Block: Other             |    20 |    49 |    70 |     1 ||   140
